 Dungeon Crawl Stone Soup version 0.18-a0-1560-ge216ca8 (webtiles) character file.

65 Ijustatesigmund the Insei (level 4, -11/29 HPs)
             Began as an Octopode Transmuter on Mar 12, 2016.
             Killed by divine providence
             ... invoked by an orc priest
              (17 damage)
             ... on level 3 of the Dungeon.
             The game lasted 00:04:07 (1650 turns).

Ijustatesigmund the Insei (Octopode Transmuter)     Turns: 1650, Time: 00:04:07

Health: -11/29     AC:  2    Str:  9    XL:     4   Next: 14%
Magic:  4/7        EV: 19    Int: 16    God:
Gold:   167        SH:  0    Dex: 17    Spells: 3 memorised, 1 level left

rFire  + . .     SeeInvis .       - Unarmed
rCold  . . .     Gourm    +     (shield currently unavailable)
rNeg   . . .     Faith    .     (helmet currently unavailable)
rPois  x         Spirit   .     e - amulet of the gourmand
rElec  .         Dismiss  .     j - ring of protection from fire
rCorr  .         Reflect  .     (no ring)
SustAt .         Harm     .     (no ring)
MR     .....                    (no ring)
Stlth  ++........               (no ring)
                                (no ring)
                                (no ring)
                                (no ring)

@: spider-form (expiring), not resistant to hostile enchantments, unstealthy
A: almost no armour, (amphibious), 8 rings, (constrict 8), (camouflage 0),
(gelatinous body 0)
a: End Transformation


You were on level 3 of the Dungeon.
You were very full.
You were a venomous arachnid creature.
You visited 1 branch of the dungeon, and saw 3 of its levels.

You collected 167 gold pieces.

Inventory:

Missiles
 a - 55 arrows
Jewellery
 e - an amulet of the gourmand (around neck)
 j - a ring of protection from fire (left front leg)
Scrolls
 i - a scroll of recharging
Potions
 d - a potion of invisibility
 h - a potion of brilliance
 l - a potion of curing {unknown}
Books
 b - a book of Changes

   Spells                             Type                      Level
   a - Beastly Appendage              Transmutation                1
   b - Sticks to Snakes               Transmutation                2
   c - Spider Form                    Transmutation/Poison         3
   d - Ice Form                       Ice/Transmutation            4
   e - Blade Hands                    Transmutation                5
Comestibles
 c - 2 bread rations
 f - a beef jerky
 g - 2 fruits


   Skills:
 + Level 2.2 Fighting
 - Level 2.0 Dodging
 + Level 4.0 Unarmed Combat
 - Level 2.0 Spellcasting
 - Level 2.0 Transmutations
 + Level 1.7 Poison Magic


You had one spell level left.
You knew the following spells:

 Your Spells              Type           Power        Failure   Level  Hunger
a - Beastly Appendage     Trmt           #.....       24%         1    #......
b - Sticks to Snakes      Trmt           #.......     32%         2    ###....
c - Spider Form           Trmt/Pois      #.........   56%         3    ###....


Dungeon Overview and Level Annotations

Branches:
Dungeon (3/15)

Altars:
Okawaru
Pakellas
Zin


Innate Abilities, Weirdness & Mutations

You cannot wear most types of armour.
((You are amphibious.))
You can wear up to eight rings at the same time.
((You can use your tentacles to constrict eight enemies at once.))
((Your skin changes colour to match your surroundings (Stealth).))
((Your rubbery body absorbs attacks (AC +1).))


Message History

Confirm with . or Enter, or press ? or * to list all spells.
You turn into a venomous arachnid creature.
You lose your grip on the orc wizard.
The orc priest hits you with a flail of holy wrath.
* * * LOW HITPOINT WARNING * * *
You hit the orc priest.
The orc priest is heavily wounded.
The orc wizard closely misses you. The orc priest misses you.
A giant newt comes into view.
You hit the orc priest but do no damage.
The orc priest is poisoned.
The orc priest is heavily wounded.
The orc barely misses you.
The orc wizard hits you but does no damage.
You hit the orc priest.
The orc priest looks even sicker.
The orc priest is almost dead.
The orc priest calls down the wrath of Beogh upon you.
Beogh smites you!
Ouch! That really hurt!
You die...

,*,*,,,,,,***,,,,,,,,,,,,,,,,,*
,*,**#..,,* *,,,,..,*,.,*,*******
,*,* #....* *,,,,..,*.#,*,*,,,,,,
,*,* #....* ****,.#*#.#,*,*,*****
,*,* #....# *,.#..<,,,,,,,,,,,
,*,* #....######*.#.#**#*,*,*****
,*,****#.......#*o..#...*,*,*
,,,,####.......##og...l.*,*,*****
,,###8###.......soo.....,,,,,,>,,
,,#._._.#......##o....#.*,*,**,**
,,##...##......#*##...#**,*,*,,,,
,###♣.♣##.###### *,..# *,*,*,,,,
,#.##'##..#####****,,.# *,*,*,,,,
.#..............,,,,,,# *,*,*,,,,
.....########...,,,,,,***,*,*,,**
###..##...,,*,*.,,,,,,,,*,*,,,,,*
...........,,,,,,,,,,,,,,,*,*,,,*


You could see an orc priest, an orc wizard, 3 orcs, a hobgoblin and a giant
newt.

Vanquished Creatures
  2 adders
  A worm (D:2)
  2 dart slugs (D:1)
  2 giant geckos
  A ball python (D:2)
  6 bats
  4 giant cockroaches
  2 goblins
  3 hobgoblins
  A quokka (D:2)
  2 giant newts
  5 kobolds
  5 rats
36 creatures vanquished.

Notes
Turn   | Place    | Note
--------------------------------------------------------------
     0 | D:1      | Ijustatesigmund the Octopode Transmuter began the quest for the Orb.
     0 | D:1      | Reached XP level 1. HP: 13/13 MP: 3/3
    53 | D:1      | Reached XP level 2. HP: 2/18 MP: 5/5
   964 | D:2      | Reached XP level 3. HP: 24/24 MP: 6/6
   968 | D:2      | Learned a level 2 spell: Sticks to Snakes
   972 | D:2      | Learned a level 3 spell: Spider Form
  1172 | D:2      | Reached skill level 1 in Poison Magic
  1370 | D:3      | Found an oddly glowing altar of Pakellas.
  1602 | D:3      | Reached skill level 4 in Unarmed Combat
  1602 | D:3      | Reached XP level 4. HP: 29/29 MP: 5/7
  1625 | D:3      | Found a glowing silver altar of Zin.
  1625 | D:3      | Found an iron altar of Okawaru.
  1650 | D:3      | Killed from afar by an orc priest

Vault maps used:
D:1:      tarquinn_simple_flora_water_b, kennysheep_small_spiral,
          hangedman_decor_lopped
D:2:      first_bread, minmay_strange_pillars
D:3:      grunt_pakellas_mercury, makhleb_altar_promises_db,
          gammafunk_temple_overflow_statue, fiery_altar_vehumet,
          portal_sewer_entry_b

Skill      XL: |  1  2  3 |
---------------+----------+-----
Poison Magic   | 1 |  1.7
Fighting       | 2 |  2.2
Unarmed Combat | 4 |  4.0
Dodging        | |  2.0
Spellcasting   | |  2.0
Transmutations | |  2.0

Action                   |  1- 3 |  4- 6 || total
-------------------------+-------+-------++-------
Melee: Unarmed           |    82 |    11 ||    93
 Cast: Beastly Appendage |     4 |       ||     4
       Spider Form       |     1 |     1 ||     2
  Use: Scroll            |     7 |       ||     7
 Stab: Sleeping          |     7 |       ||     7
  Eat: Chunk             |    12 |       ||    12
